AoeStats
← AaddeEcktEckte

Arabia

510374003Analyzed
1v1 RM · 23h ago on Sep 30, 2026· 44m 32s· 2 players
Game mode
Random Map
Map size
Tiny (2 player)
Population
200
Speed
Normal
Resources
Standard
Victory
Conquest
Starting age
Dark Age
Ending age
Imperial Age
RankedLock teamsTeams togetherTeam positionsShared explorationLock speedFull tech treeHidden civsTurbo modeCheats
Victory
Defeat
🇦🇷 Inca · Argentina
594
+19
🇳🇱 Mongols · Netherlands
654
-19
Bekatiel
0:27 Loom
11:46 Feudal Age
16:59 Castle Age
16:08 Horse Collar
16:19 Double-Bit Axe
17:03 Gold Mining
17:05 Stone Mining
22:21 Heavy Plow
23:09 Treadmill Crane
23:50 Ballistics
24:40 Bow Saw
26:44 Murder Holes
28:26 Elite Skirmisher
29:15 Town Watch
31:08 Gold Shaft Mining
31:05 Andean Sling
32:24 Wheelbarrow
31:52 Town Patrol
32:28 Masonry
33:25 Champi Runner
33:52 Arson
35:47 Fletching
35:57 Padded Archer Armor
40:13 Bodkin Arrow
40:18 Padded Archer Armor
40:28 Forging
40:19 Scale Mail Armor
42:17 Leather Archer Armor
42:41 Stone Shaft Mining
41:50 Champi Warrior
42:31 Squires
45:45 Iron Casting
45:25 Chain Mail Armor
AaddeEcktEckte
3:00 Loom
12:49 Feudal Age
15:02 Horse Collar
19:29 Castle Age
18:11 Fletching
21:04 Bodkin Arrow
21:32 Husbandry
21:59 Double-Bit Axe
23:57 Bloodlines
24:33 Padded Archer Armor
Connection lost

Rejoining the realm…

Still unreachable

The connection could not be restored.

Session expired

The server has moved on; the page needs a fresh start.